 Dungeon Sprint DCSS version 0.21-a0 (webtiles) character file.

559 Eshaton the Basher (level 7, -16/88 HPs)
             Began as a Demonspawn Berserker on May 19, 2017.
             Was a High Priest of Trog.
             Demolished by a death knight
             ... wielding a +4 glaive
              (29 damage)
             ... in the Dungeon (Sprint IX: "|||||||||||||||||||||||||||||").
             The game lasted 00:01:01 (434 turns).

Eshaton the Basher (Demonspawn Berserker)            Turns: 434, Time: 00:01:02

Health: -16/88     AC: 15    Str: 27    XL:     7   Next: 9%
Magic:  7/7        EV: 13    Int: 11    God:    Trog [*****.]
Gold:   0          SH:  0    Dex: 15    Spells: 6/6 levels left

rFire    . . .     SeeInvis .   m - +2 morningstar (protect)
rCold    + . .     Gourm    .   (no shield)
rNeg     . . .     Faith    .   o - +2 ring mail
rPois    .         Spirit   .   (no helmet)
rElec    .         Reflect  .   (no cloak)
rCorr    .         Harm     .   (no gloves)
MR       .....     NoTele   +   n - +0 pair of boots
Stlth    ..........             (no amulet)
Regen    0.3/turn               q - +3 ring of strength
MPRegen  0.1/turn               p - +3 ring of intelligence

@: berserking (expiring), protection aura, very quick
A: thin skeletal structure 1, cold resistance 1, rot immunity
a: Berserk, Trog's Hand, Brothers in Arms, Burn Spellbooks, Renounce Religion


You were in the Dungeon.
You worshipped Trog.
Trog was extremely pleased with you.
You were very hungry.

You visited 1 branch

Inventory:

Hand Weapons
 m - a +2 morningstar of protection (weapon)
Armour
 n - a +0 pair of boots (worn)
 o - a +2 ring mail (worn)
Jewellery
 p - a +3 ring of intelligence (right hand)
 q - a +3 ring of strength (left hand)
Wands
 l - a wand of iceblast (7/15)
Scrolls
 i - 2 scrolls of blinking
 k - 3 scrolls of remove curse
Potions
 d - 5 potions of curing
 e - 3 potions of heal wounds
 f - a potion of haste
 g - 4 potions of magic
 h - a potion of berserk rage
 j - a potion of invisibility
Comestibles
 a - 2 chunks of flesh
 c - a bread ration


   Skills:
 + Level 6.6 Fighting
 + Level 12.2 Maces & Flails
 + Level 3.1 Armour
 + Level 3.7 Dodging


You had 6 spell levels left.
You didn't know any spells.

Dungeon Overview and Level Annotations

Branches:
Dungeon (1/1)

Altars:
Cheibriados
Dithmenos
Elyvilon
Fedhas
Gozag
Hepliaklqana
Kikubaaqudgha
Makhleb
Nemelex Xobeh
Okawaru
Qazlal
Ru
Sif Muna
Trog
Uskayaw
Vehumet
Wu Jian
Xom
Yredelemnul
Zin
The Shining One
Beogh
Jiyva
Lugonu


Innate Abilities, Weirdness & Mutations

You have a somewhat thin skeletal structure. (Dex +2, Stealth)
Your flesh is cold resistant. (rC+)
You are immune to rotting.


Message History

You closely miss the death knight.
The death knight is lightly wounded.
The death knight hits you with an enchanted glaive!
You sock the death knight!
The death knight is moderately wounded.
You hit the death knight but do no damage.
The death knight is moderately wounded.
The death knight hits you with an enchanted glaive!
* * * LOW HITPOINT WARNING * * *
You bludgeon the death knight!!
The death knight is heavily wounded.
You hit the death knight.
The death knight is heavily wounded.
The death knight hits you but does no damage.
You barely miss the death knight.
The death knight is heavily wounded.
You sock the death knight!
The death knight is severely wounded.
The death knight hits you with an enchanted glaive!!
You die... ▓▓▓▓▓▓▓▓▓▓▓▓▓▓▓▓▓▓▓▓▓▓▓▓ +FyZFYp@....).÷[..[.)|?. ▓▓▓▓▓▓▓▓▓▓▓▓▓▓▓▓▓▓▓▓▓▓▓▓

You could see a death knight, a hornet, a sky beast, 2 bullfrogs and a bat skeleton.

Vanquished Creatures
  2 ice beasts (D)
  A black bear (D)
  A phantom (D)
  A bullfrog (D)
  A wight (D)
  A crimson imp (D)
  A jelly (D)
  A worker ant (D)
  A ball python (D)
  A bat skeleton (D)
  2 hobgoblins (D)
  A bat (D)
  A kobold (D)
  A quokka skeleton (D)
16 creatures vanquished.

Notes
Turn   | Place    | Note
-------+----------+-------------------------------------------
     0 | D        | Eshaton the Demonspawn Berserker began the quest for the Orb.
     0 | D        | Reached XP level 1. HP: 18/18 MP: 1/1
     8 | D        | Reached skill level 3 in Maces & Flails
    12 | D        | Reached ** piety under Trog
    19 | D        | Reached skill level 4 in Maces & Flails
   239 | D        | Noticed an ice beast
   239 | D        | Noticed a jelly
   239 | D        | Noticed a worker ant
   239 | D        | Noticed a crimson imp
   241 | D        | Killed a crimson imp
   241 | D        | Reached skill level 6 in Maces & Flails
   241 | D        | Gained mutation: You are immune to rotting. [demonic ancestry]
   241 | D        | Reached XP level 2. HP: 24/24 MP: 2/2
   241 | D        | Reached XP level 3. HP: 29/29 MP: 3/3
   245 | D        | Reached *** piety under Trog
   249 | D        | Reached skill level 7 in Maces & Flails
   252 | D        | Reached skill level 8 in Maces & Flails
   252 | D        | Gained mutation: You have a somewhat thin skeletal structure. (Dex +2, Stealth) [demonic ancestry]
   252 | D        | Reached XP level 4. HP: 35/35 MP: 4/4
   255 | D        | Killed an ice beast
   255 | D        | Reached skill level 10 in Maces & Flails
   255 | D        | Reached XP level 5. HP: 41/41 MP: 5/5
   294 | D        | Found a roughly hewn altar of Beogh.
   294 | D        | Found a snail-covered altar of Cheibriados.
   294 | D        | Found a shadowy altar of Dithmenos.
   294 | D        | Found a white marble altar of Elyvilon.
   294 | D        | Found a blossoming altar of Fedhas.
   294 | D        | Found an opulent altar of Gozag.
   295 | D        | Found a hazy altar of Hepliaklqana.
   296 | D        | Found a viscous altar of Jiyva.
   297 | D        | Found an ancient bone altar of Kikubaaqudgha.
   298 | D        | Found a corrupted altar of Lugonu.
   299 | D        | Found a burning altar of Makhleb.
   300 | D        | Found a sparkling altar of Nemelex Xobeh.
   301 | D        | Found an iron altar of Okawaru.
   302 | D        | Found a stormy altar of Qazlal.
   303 | D        | Found a sacrificial altar of Ru.
   304 | D        | Found a deep blue altar of Sif Muna.
   305 | D        | Found a bloodstained altar of Trog.
   306 | D        | Found a hide-covered altar of Uskayaw.
   307 | D        | Found a radiant altar of Vehumet.
   308 | D        | Found an ornate altar of the Wu Jian Council.
   309 | D        | Found a shimmering altar of Xom.
   310 | D        | Found a basalt altar of Yredelemnul.
   311 | D        | Found a glowing silver altar of Zin.
   312 | D        | Found a glowing golden altar of the Shining One.
   359 | D        | Noticed a black bear
   359 | D        | Noticed an ice beast
   359 | D        | Noticed a phantom
   362 | D        | Reached **** piety under Trog
   368 | D        | Killed a phantom
   368 | D        | Reached skill level 5 in Fighting
   368 | D        | Reached skill level 11 in Maces & Flails
   368 | D        | Reached XP level 6. HP: 51/51 MP: 6/6
   373 | D        | Killed an ice beast
   375 | D        | Reached ***** piety under Trog
   375 | D        | Reached skill level 12 in Maces & Flails
   375 | D        | Gained mutation: Your flesh is cold resistant. (rC+) [demonic ancestry]
   375 | D        | Reached XP level 7. HP: 59/59 MP: 7/7
   422 | D        | Noticed a hornet
   422 | D        | Noticed a death knight
   434 | D        | Demolished by a death knight

Vault maps used:
D:        linesprint

Skill      XL: |  1  2  3  4  5  6 |
---------------+-------------------+-----
Maces & Flails | 6 8 10 11 12 | 12.2
Fighting       | 5 6 |  6.6
Armour         | 2 3 |  3.1
Dodging        | 2 3 |  3.7

Action                   |  1- 3 |  4- 6 |  7- 9 || total
-------------------------+-------+-------+-------++-------
Melee: Mace              |    24 |     3 |       ||    27
       Morningstar       |       |    14 |    12 ||    26
Invok: Berserk           |     2 |     1 |     1 ||     4
  Eat: Chunk             |       |       |     1 ||     1
Armor: Animal skin       |     1 |       |       ||     1
       Ring mail         |       |     5 |     1 ||     6
Dodge: Dodged            |    14 |     2 |     2 ||    18
